AoeStats
← [spank] Lord of the Spank

Arabia

507546940Analyzed
1v1 RM · 12d ago on Sep 18, 2026· 41m 27s· 2 players
Game mode
Random Map
Map size
Tiny (2 player)
Population
200
Speed
Normal
Resources
Standard
Victory
Conquest
Starting age
Dark Age
Ending age
Imperial Age
RankedLock teamsTeams togetherTeam positionsShared explorationLock speedFull tech treeHidden civsTurbo modeCheats
Victory
Defeat
🇹🇷 Byzantines · Türkiye
1044
+17
🇺🇸 Spanish · United States
1065
-17
sefa11
7:38 Loom
10:09 Feudal Age
11:37 Double-Bit Axe
11:37 Horse Collar
21:13 Castle Age
19:37 Scale Barding Armor
20:13 Forging
22:33 Chain Barding Armor
22:20 Heavy Plow
23:54 Iron Casting
24:21 Husbandry
27:07 Bow Saw
28:17 Elite Skirmisher
36:25 Imperial Age
36:31 Fletching
36:42 Padded Archer Armor
37:15 Bodkin Arrow
36:42 Heavy Camel Rider
38:19 Onager
39:53 Bracer
40:09 Leather Archer Armor
41:17 Ballistics
41:58 Chemistry
[spank] Lord of the Spank
7:07 Loom
9:37 Feudal Age
10:29 Double-Bit Axe
10:25 Horse Collar
19:21 Castle Age
17:56 Bloodlines
18:31 Forging
19:05 Scale Barding Armor
20:16 Town Watch
22:59 Husbandry
25:01 Pikeman
25:42 Squires
25:43 Scale Mail Armor
26:19 Iron Casting
35:31 Chain Mail Armor
42:18 Wheelbarrow
41:45 Fletching
Connection lost

Rejoining the realm…

Still unreachable

The connection could not be restored.

Session expired

The server has moved on; the page needs a fresh start.